 Dungeon Crawl Stone Soup version 0.25-a0-665-ga69d64035b (webtiles) character file.

Game seed: 2000660216006493144, levelgen mode: deterministic

378 kae the Firebug (level 6, -3/32 HPs)
             Began as a Tengu Fire Elementalist on Mar 26, 2020.
             Was an Initiate of Vehumet.
             Slain by Pikel
             ... wielding a +0 whip of flaming
              (4 damage)
             ... on level 4 of the Dungeon.
             The game lasted 00:04:55 (5759 turns).

kae the Firebug (Tengu Fire Elementalist)           Turns: 5759, Time: 00:04:56

Health: -3/32      AC:  4    Str:  8    XL:     6   Next: 74%
Magic:  9/12       EV: 13    Int: 17    God:    Vehumet [......]
Gold:   241        SH:  0    Dex: 15    Spells: 1/12 levels left

rFire    . . .     SeeInvis .   (no weapon)
rCold    . . .     Gourm    .   (no shield)
rNeg     . . .     Faith    .   a - +1 robe
rPois    .         Spirit   .   (helmet restricted)
rElec    .         Reflect  .   i - +0 cloak
rCorr    +         Harm     .   (no gloves)
MR       .....                  (boots unavailable)
Stlth    ++........             (no amulet)
HPRegen  0.10/turn              m - ring of resist corrosion
MPRegen  0.13/turn              (no ring)

@: about to teleport
A: beak, talons 3, able to fly
a: Fly, Renounce Religion


You were on level 4 of the Dungeon.
You worshipped Vehumet.
Vehumet was noncommittal.
You were near starving.

You visited 2 branches of the dungeon, and saw 5 of its levels.

You collected 241 gold pieces.

Inventory:

Armour
 a - a +1 robe (worn)
 i - a +0 cloak (worn)
Jewellery
 m - a ring of resist corrosion (left hand)
 p - a +3 amulet of reflection {unknown}
Wands
 n - a wand of disintegration (11)
 o - a wand of clouds (3)
Scrolls
 f - 2 scrolls of identify
 g - a scroll of enchant weapon
 h - a scroll of remove curse
 l - a scroll of magic mapping
 q - a scroll of blinking
Potions
 b - a potion of invisibility
 d - 3 potions of brilliance
 k - 3 potions of lignification
Comestibles
 c - 9 rations


   Skills:
 - Level 2.1 Dodging
 - Level 2.0 Stealth
 + Level 3.6 Spellcasting
 - Level 4.0 Conjurations
 * Level 6.3 Fire Magic


You had one spell level left.
You knew the following spells:

 Your Spells              Type           Power        Failure   Level  Hunger
a - Foxfire               Conj/Fire      ###.         1%          1    None
b - Conjure Flame         Conj/Fire      ###.....     6%          3    ###....
c - Inner Flame           Hex/Fire       ##......     14%         3    ###....
d - Sticky Flame          Conj/Fire      ###.....     21%         4    ####...

Your spell library contained the following spells:

 Spells                   Type           Power        Failure   Level  Hunger
 Fireball                 Conj/Fire      ###.......   50%         5    ######.


Dungeon Overview and Level Annotations

Branches:
Dungeon (4/15)             Temple (1/1) D:4

Altars:
Ashenzari
Cheibriados
Dithmenos
Fedhas
Gozag
Hepliaklqana
Kikubaaqudgha
Makhleb
Okawaru
Ru
Sif Muna
Trog
Uskayaw
Vehumet
Wu Jian
Yredelemnul
Zin
The Shining One

Annotations:
D:4 4 exclusions, Pikel


Innate Abilities, Weirdness & Mutations

You have a beak for a mouth.
You have claws for feet.
You can fly continuously.


Message History

Confirm with . or Enter, or press ? or * to list all spells.
You conjure some foxfire!
The orc priest miscasts a cantrip.
The foxfire hits the orc priest!
You kill the orc priest!
Vehumet accepts your kill.
The foxfire hits the orc priest but does no damage.
The orc priest looks braver for a moment.
A slave comes into view.
You feel better.
As you read the scroll of teleportation, it crumbles to dust.
You feel strangely unstable. The orc misses you.
Pikel says, "You'll fetch a fair price!"
The orc priest hits you with a +0 war axe.
* * * LOW HITPOINT WARNING * * *
The orc hits you.
* * * LOW HITPOINT WARNING * * *
A slave comes into view.
Pikel hits you with a +0 whip of flaming.
You die...

#.......#####.#
#.........
##.####........#
##########
..........###.##
.######...# #..#
.#....#..## ##.#
.####.#..# ###
.#....#..# ###
.#....#.#######.##
.##..##.......o#@###
..........##..oK...#
#.......#.##..)....#.#
...#.#^##.#...).......
(..............p.....#
.#######.##...?....#.#
.# #.###..p....#.# .#
#.# #.......# # .# #.#
#.##.####


You could see Pikel, 2 slaves and an orc priest.

Vanquished Creatures
  2 hounds (D:4)
  An orc priest (D:4)
  2 bullfrog skeletons (D:4)
  Ijyb (D:4)
  A worker ant (D:4)
  A mummy (D:4)
  5 adders
  An ooze (D:1)
  3 worms (D:2)
  4 dart slugs
  A leopard gecko (D:2)
  10 orcs
  10 giant cockroaches
  10 goblins
  10 hobgoblins
  3 jackals (D:4)
  A quokka (D:4)
  4 ball pythons
  8 bats
  4 frilled lizards
  2 hobgoblin zombies (D:4)
  A jackal skeleton (D:4)
  5 kobolds
  2 kobold zombies (D:4)
  9 rats
101 creatures vanquished.

Vanquished Creatures (others)
  230 foxfires
230 creatures vanquished.

Grand Total: 331 creatures vanquished

Notes
Turn   | Place    | Note
-------+----------+-------------------------------------------
     0 | D:1      | kae the Tengu Fire Elementalist began the quest for the
                  | Orb.
     0 | D:1      | Reached XP level 1. HP: 10/10 MP: 4/4
    60 | D:1      | Reached XP level 2. HP: 15/15 MP: 0/6
   594 | D:1      | Reached XP level 3. HP: 19/19 MP: 5/7
  1004 | D:1      | Reached skill level 4 in Fire Magic
  1466 | D:2      | Reached XP level 4. HP: 24/24 MP: 4/8
  1549 | D:2      | Found a burning altar of Makhleb.
  1562 | D:2      | Noticed a green death
  3372 | D:3      | Gained mutation: You can fly continuously. [Tengu growth]
  3372 | D:3      | Reached XP level 5. HP: 21/28 MP: 5/9
  4210 | D:3      | Learned a level 3 spell: Conjure Flame
  4214 | D:3      | Learned a level 3 spell: Inner Flame
  4319 | D:4      | Reached skill level 5 in Fire Magic
  4330 | D:4      | HP: 1/28 [bullfrog skeleton (2)]
  4721 | D:4      | Reached XP level 6. HP: 15/32 MP: 3/11
  5222 | D:4      | Found a staircase to the Ecumenical Temple.
  5231 | D:4      | Noticed Pikel
  5264 | Temple   | Entered the Ecumenical Temple
  5455 | Temple   | Became a worshipper of Vehumet
  5528 | D:4      | Noticed Ijyb
  5535 | D:4      | Learned a level 4 spell: Sticky Flame
  5543 | D:4      | Killed Ijyb
  5543 | D:4      | Reached skill level 6 in Fire Magic
  5754 | D:4      | Noticed a slave
  5758 | D:4      | HP: 1/32 [orc (5)]
  5759 | D:4      | Noticed a slave
  5759 | D:4      | Slain by Pikel

Levels and vault maps discovered:
D:1:      matt_arrival_los_fun, layout_loops_corners
D:2:      layout_basic, first_ration, grunt_ministairs_1,
          makhleb_altar_promises_db
D:3:      layout_basic, kennysheep_generic_room_2
D:4:      layout_loops_ring, minmay_overflow_temple_star_quad,
          minmay_temple_entry_arrows, ebering_ghost_rock_garden,
          minmay_mini_ossuary, uniq_ijyb, uniq_sigmund, uniq_pikel, uniq_duvessa
Temple:   dpeg_five_rooms_temple

Skill      XL: |  1  2  3  4  5  6 |
---------------+-------------------+-----
Conjurations   | 2 3 4 |  4.0
Fire Magic     | 4 5 6 |  6.3
Spellcasting   | 3 |  3.6
Dodging        | |  2.1
Stealth        | |  2.0

Action                   |  1- 3 |  4- 6 || total
-------------------------+-------+-------++-------
Melee: Unarmed           |    47 |    72 ||   119
       Kick              |    11 |    23 ||    34
       Peck              |     8 |    13 ||    21
 Cast: Foxfire           |    48 |   124 ||   172
       Sticky Flame      |       |     1 ||     1
  Use: Scroll            |     7 |     6 ||    13
       Potion            |       |     2 ||     2
 Stab: Sleeping          |     1 |     3 ||     4
  Eat: Chunk             |     2 |     6 ||     8
       Ration            |       |     2 ||     2
Armor: Robe              |    10 |    40 ||    50
Dodge: Dodged            |    45 |   115 ||   160

Table legend:
 A = Non-vault XP
 B = Vault XP
 C = Vault XP percentage of total XP
 D = Non-vault monster count
 E = Vault monster count
 F = Vault count percentage of total count
                 A         B        C        D         E       F
            +---------+---------+-------+---------+---------+-------
      Total |     461 |      79 |  14.6 |      91 |      10 |   9.9
            +---------+---------+-------+---------+---------+-------
        D:1 |      55 |       0 |   0.0 |      29 |       0 |   0.0
        D:2 |      61 |       6 |   9.0 |      17 |       2 |  10.5
        D:3 |      58 |      15 |  20.5 |      25 |       2 |   7.4
        D:4 |     287 |      58 |  16.8 |      20 |       6 |  23.1
            +---------+---------+-------+---------+---------+-------
